Map: Ruins of Endion

Players

capac - Winner!

  • Race: Terran Terran
  • League: Gold

A.I. 1 (Elite)

  • Race: Protoss Protoss

VOD

Have the link to the VOD?

Description

Time

  • Played on: May 9, 2016, 2:01 p.m.
  • Length: 12:43
Show
View Real Time Build Order
Export as new Build Order

capac Terran - Winner!

Build Orders: Reaper Expand, Bio Tank 

Get SALT Encoding   

  12  0:01  SCV  
  13  0:13  SCV  
  14  0:18  Supply Depot  
  14  0:26  SCV  
  15  0:40  SCV  
  15  0:41  Barracks  
  16  0:45  Refinery  
  16  1:02  SCV  
  17  1:14  SCV  
  18  1:28  Orbital Command  
  18  1:30  Reaper  
  19  1:41  Command Center  
  19  1:54  SCV  
  20  2:02  Marine  
  21  2:10  Supply Depot, SCV  
  21  2:11  Factory  
  22  2:23  SCV  
  23  2:32  Marine  
  23  2:35  SCV  
  25  2:41  Refinery  
  25  2:47  SCV  
  26  2:55  Marine, Bunker  
  27  2:58  Factory Tech Lab  
  27  2:59  SCV  
  27  3:00  Starport  
  28  3:10  Orbital Command  
  28  3:14  SCV  
  29  3:24  Siege Tank  
  32  3:28  Marine  
  32  3:33  SCV  
  34  3:42  Medivac  
  34  3:47  Barracks  
  36  3:52  Refinery  
  36  3:53  SCV x2  
  38  4:12  Factory Tech Lab  
  38  4:16  Marine  
  39  4:18  SCV x2  
  39  4:21  Stimpack  
  39  4:23  Starport Reactor  
  41  4:30  SCV  
  41  4:31  Barracks, SCV  
  43  4:33  Supply Depot, Barracks  
  43  4:37  Barracks Reactor  
  43  4:44  SCV x2  
  45  4:46  Refinery  
  45  4:51  Marine  
  46  4:53  Siege Tank  
  46  4:56  SCV x2  
  46  4:57  Supply Depot  
  51  5:06  Medivac x2  
  55  5:10  SCV x2  
  55  5:13  Marine  
  55  5:14  Marine x2  
  59  5:20  Barracks Reactor  
  59  5:21  Barracks Reactor  
  60  5:22  SCV x2  
  62  5:33  Marine x2  
  62  5:34  SCV x2  
  66  5:41  Medivac x2  
  70  5:44  Supply Depot  
  70  5:47  SCV x2  
  72  5:51  Siege Tank  
  75  5:57  Marine  
  75  5:58  Marine x2  
  78  6:05  Marauder, Marine x3, SCV x2  
  78  6:06  Supply Depot x2  
  85  6:15  Marine  
  86  6:23  Combat Shields  
  86  6:27  Marine x2, Liberator x2, SCV x2  
  86  6:31  Supply Depot  
  90  6:33  Supply Depot  
  90  6:34  Marine x2  
  90  6:35  Marine x2  
  90  6:37  Marauder  
  102  6:57  Command Center  
  102  7:02  Siege Tank  
  105  7:08  Marine  
  105  7:09  Supply Depot, Marine x3  
  109  7:19  Marine x2  
  109  7:21  Marauder  
  113  7:29  Engineering Bay  
  113  7:30  Engineering Bay, Marine x4  
  113  7:34  Supply Depot  
  113  7:36  Siege Tank  
  120  7:45  Concussive Shells  
  120  7:54  Marine x2  
  120  7:55  Marine x4  
  120  7:56  Supply Depot, Marauder  
  128  8:00  Terran Infantry Weapons Level 1, Terran Infantry Armor Level 1  
  128  8:09  Liberator x2  
  134  8:27  Marine x4  
  134  8:28  Marine x2  
  134  8:29  Marauder  
  142  8:37  Supply Depot  
  142  8:44  Armory  
  142  8:48  Armory  
  142  8:49  SCV x2  
  142  8:52  Marine x6  
  142  8:53  Marauder  
  152  8:56  Siege Tank  
  155  9:05  Orbital Command  
  155  9:08  SCV x2  
  157  9:10  Marine x6  
  157  9:14  Marauder  
  165  9:31  Liberator x2  
  165  9:47  Supply Depot  
  165  9:49  SCV x2  
  165  9:51  Siege Tank  
  157  10:11  SCV x3  
  160  10:14  Refinery  
  160  10:15  Refinery  
  160  10:16  Supply Depot  
  160  10:17  Terran Infantry Weapons Level 2, Terran Infantry Armor Level 2  
  160  10:24  Siege Tank  
  163  10:31  Medivac x2  
  167  10:44  Marine x3  
  167  10:45  Marine x3  
  167  10:46  Marauder  
  175  10:56  Liberator  
  175  10:58  Command Center  
  175  11:02  Command Center  
  175  11:09  Marine  
  175  11:10  Marine x6  
  182  11:13  Siege Tank  
  188  11:27  Marine  
  188  11:31  Marine  
  189  12:01  Marauder  
Show
View Real Time Build Order
Export as new Build Order

A.I. 1 (Elite) Protoss 

Build Orders: Mass Adepts, Zealot Archon 

Get SALT Encoding   

  12  0:01  Probe (Chrono Boost)  
  13  0:11  Probe (Chrono Boost)  
  14  0:20  Pylon  
  14  0:22  Probe (Chrono Boost)  
  15  0:39  Probe (Chrono Boost)  
  16  0:48  Assimilator  
  16  0:49  Probe (Chrono Boost)  
  17  0:51  Gateway  
  17  1:00  Probe (Chrono Boost), Pylon  
  18  1:10  Probe (Chrono Boost)  
  19  1:21  Probe (Chrono Boost)  
  20  1:32  Probe (Chrono Boost)  
  21  1:38  Zealot, Gateway  
  21  1:41  Cybernetics Core  
  21  1:43  Probe (Chrono Boost)  
  24  1:48  Pylon  
  25  1:54  Probe (Chrono Boost)  
  25  2:03  Zealot  
  25  2:06  Probe (Chrono Boost)  
  28  2:12  Warp Gate, Assimilator  
  28  2:17  Probe (Chrono Boost)  
  29  2:24  Adept  
  29  2:29  Probe (Chrono Boost)  
  32  2:30  Adept  
  34  2:40  Gateway  
  34  2:51  Gateway  
  34  2:52  Adept  
  34  2:57  Adept  
  38  3:09  Pylon  
  38  3:26  Adept x2  
  38  3:27  Adept  
  44  3:36  Pylon  
  44  3:37  Adept  
  44  3:41  Probe (Chrono Boost)  
  47  3:53  Adept x2  
  51  3:57  Stalker  
  53  4:03  Stalker  
  55  4:16  Pylon  
  55  4:34  Stalker x2  
  55  4:35  Zealot  
  61  4:40  Zealot  
  61  4:42  Pylon  
  63  4:55  Robotics Facility  
  63  5:00  Adept  
  63  5:05  Adept  
  67  5:10  Adept  
  69  5:16  Adept  
  71  5:25  Pylon  
  71  5:31  Pylon  
  71  5:38  Immortal  
  75  5:55  Twilight Council  
  75  6:15  Pylon  
  75  6:37  Sentry  
  75  6:38  Templar Archives  
  77  6:44  Nexus, Forge  
  77  6:51  Stalker  
  79  6:59  Stalker  
  81  7:09  Observer  
  81  7:10  Pylon  
  81  7:14  High Templar x2  
  86  7:20  Stalker  
  86  7:21  Archon  
  88  7:34  Pylon  
  88  7:48  High Templar  
  92  7:58  Probe x2 (Chrono Boost)  
  92  8:04  Assimilator  
  92  8:09  Probe (Chrono Boost)  
  92  8:11  Probe (Chrono Boost)  
  94  8:17  High Templar  
  97  8:21  Probe (Chrono Boost)  
  97  8:22  Probe (Chrono Boost), Assimilator  
  97  8:26  Stalker  
  100  8:32  Probe (Chrono Boost), Archon  
  100  8:33  Probe (Chrono Boost)  
  102  8:43  Probe (Chrono Boost)  
  102  8:44  Probe (Chrono Boost)  
  102  8:47  High Templar  
  106  8:54  Probe (Chrono Boost)  
  108  8:55  Probe (Chrono Boost)  
  108  9:00  High Templar  
  110  9:06  Probe x2 (Chrono Boost)  
  110  9:08  Pylon  
  112  9:10  Sentry  
  115  9:18  Probe x2 (Chrono Boost)  
  116  9:25  Psionic Storm  
  116  9:29  Nexus, Forge  
  116  9:32  Protoss Ground Weapons Level 1  
  116  9:46  Zealot  
  116  9:47  Zealot  
  116  9:52  Pylon  
  114  9:53  Zealot  
  114  9:57  Stalker  
  76  10:06  High Templar, Sentry  
  59  10:11  Adept  
  61  10:22  High Templar  
  61  10:28  Stalker  
  65  10:31  Zealot  
  65  10:33  Archon  
  67  10:37  Zealot  
  72  10:43  Probe x3 (Chrono Boost)  
  72  10:50  Zealot, Adept  
  72  10:53  High Templar, Assimilator  
  72  10:54  Probe (Chrono Boost)  
  72  10:56  Probe (Chrono Boost), Zealot  
  72  10:57  Probe (Chrono Boost)  
  83  11:03  Observer  
  84  11:06  Probe (Chrono Boost)  
  84  11:08  Probe (Chrono Boost), High Templar  
  84  11:09  Stalker  
  84  11:10  Probe (Chrono Boost), Assimilator  
  91  11:15  Zealot  
  91  11:17  Probe (Chrono Boost)  
  94  11:19  Probe (Chrono Boost), Archon  
  94  11:21  Probe (Chrono Boost)  
  94  11:24  High Templar  
  98  11:29  Probe (Chrono Boost)  
  98  11:31  Probe (Chrono Boost), Zealot  
  82  11:34  Stalker  
  82  11:38  High Templar  
  67  11:44  Probe (Chrono Boost)  
  67  11:45  Probe (Chrono Boost)  
  69  11:50  Stalker  
  69  11:53  Zealot  
  53  11:57  Adept  
  53  11:58  Archon  
  32  12:08  High Templar  
  19  12:28  Zealot  
  18  12:34  Pylon  
Tags
 
Add a new tag
Caveats
  • Supply blocks, unpowered buildings, or Contaminate may cause inaccurate times.
  • Supply counts are checked every 10 seconds.